 Dungeon Crawl Stone Soup version 0.28.0-49-g6dfe1f597d (webtiles) character file.

Game seed: 15387087112151555397

133 boopmooplesden the Chopper (level 4, -4/41 HPs)
             Began as a Minotaur Berserker on May 18, 2022.
             Was a Believer of Trog.
             Slain by an ice beast (13 damage)
             ... on level 4 of the Dungeon.
             The game lasted 00:02:34 (2656 turns).

boopmooplesden the Chopper (Minotaur Berserker)     Turns: 2656, Time: 00:02:35

Health: -4/41      AC:  7    Str: 22    XL:     4   Next: 93%
Magic:  3/3        EV: 10    Int:  4    God:    Trog [**....]
Gold:   28         SH:  0    Dex: 11    Spells: 3/3 levels left

rFire   . . .      SeeInvis .   a - +0 hand axe
rCold   . . .      Faith    .   (no shield)
rNeg    . . .      Spirit   .   g - +0 scale mail
rPois   .          Reflect  .   (helmet restricted)
rElec   .          Harm     .   (no cloak)
rCorr   .          Rampage  .   (no gloves)
Will    .....                   (no boots)
Stlth   ..........              (no amulet)
HPRegen 0.13/turn               (no ring)
MPRegen 0.08/turn               (no ring)

@: confused, on berserk cooldown, slowed, very slow
A: horns 2, retaliatory headbutt
a: Renounce Religion, Berserk, Trog's Hand


You were on level 4 of the Dungeon.
You worshipped Trog.
Trog was pleased with you.
You visited 1 branch of the dungeon, and saw 4 of its levels.

You collected 28 gold pieces.

Inventory:

Hand Weapons
 a - a +0 hand axe (weapon)
 i - a +1 spear of freezing
Armour
 b - a +0 animal skin
 g - a +0 scale mail (worn)
Potions
 c - 2 potions of curing
 e - a potion of brilliance


   Skills:
 + Level 4.5 Fighting
 + Level 4.9 Axes
 + Level 3.8 Armour
 + Level 2.9 Dodging
 + Level 0.2 Stealth


You had 3 spell levels left.
You didn't know any spells.
Your spell library was empty.

Dungeon Overview and Level Annotations

Branches:
Dungeon (4/15)
 Temple: D:4-7

Altars:


Innate Abilities, Weirdness & Mutations

You have a pair of horns on your head.
You reflexively headbutt those who attack you in melee.


Message History

A magic dart appears from out of thin air!
The magic dart hits you.
The ice beast hits you but does no damage.
You closely miss something. Your headbutt misses something.
You hit the ice beast.
You hear some strange, mumbled words.
Something tries to affect you, but you resist.
The ice beast completely misses you. Something hits you.
The ice beast hits you. The ice beast freezes you!
* * * LOW HITPOINT WARNING * * *
Found a stone staircase leading down.
Something hits you but does no damage. Something hits you.
* * * LOW HITPOINT WARNING * * *
You are more confused.
You feel invigorated. The ice beast closely misses you.
Something hits you but does no damage. The ice beast closely misses you.
Something hits you but does no damage.
You miss something. You hit the ice beast but do no damage.
The ice beast hits you. The ice beast freezes you. Something hits you.
The ice beast hits you but does no damage.
Something hits you.
You feel less invigorated.
The ice beast hits you but does no damage.
Something hits you but does no damage. The ice beast closely misses you.
Something hits you.
You bump into the rock wall.
The ice beast hits you. The ice beast freezes you! Something hits you.
You feel less confused. Something hits you but does no damage.
The ice beast hits you but does no damage.
You hear some strange, mumbled words.
You are confused.
You barely miss the ice beast.
The ice beast is lightly wounded.
The ice beast closely misses you. Something hits you.
* * * LOW HITPOINT WARNING * * *
The ice beast hits you.
* * * LOW HITPOINT WARNING * * *
The ice beast freezes you!
You die...

#.....# #..[..#
#....# #....##
##<...#
#.....###
##.......##
#.........##
#.......Y@.#
#............#
#.....#......#
#.....###......#
#>...# ##.....#
#.## #######


You could see an ice beast.

Vanquished Creatures
  An orc priest (D:3)
  4 adders
  A dart slug (D:2)
  6 orcs (D:3)
  6 bats
  A bat skeleton (D:2)
  5 endoplasms
  A giant cockroach (D:1)
  6 goblins
  5 hobgoblins
  2 kobolds (D:2)
  A quokka (D:2)
  9 ball pythons
  4 frilled lizards
  6 rats
58 creatures vanquished.

Notes
Turn   | Place    | Note
-------+----------+-------------------------------------------
     0 | D:1      | boopmooplesden the Minotaur Berserker began the quest for
                  | the Orb.
     0 | D:1      | Reached XP level 1. HP: 19/19 MP: 0/0
   547 | D:1      | Reached XP level 2. HP: 14/27 MP: 1/1
  1297 | D:1      | Found a faded altar of an unknown god.
  1302 | D:1      | Reached ** piety under Trog
  1653 | D:2      | Reached XP level 3. HP: 25/33 MP: 2/2
  2133 | D:2      | Reached XP level 4. HP: 41/41 MP: 3/3
  2638 | D:4      | Noticed an ice beast
  2656 | D:4      | Slain by an ice beast

Illustrated notes

Levels and vault maps discovered:
D:1:      saegor_arrival_simple_a, layout_loops_ring,
          chequers_ecumenical_altar_simple
D:2:      minmay_alternating_diamond, layout_basic, supply_closet_lemuel,
          minmay_circled_x
D:3:      layout_basic
D:4:      layout_cave_pods

Skill      XL: |  1  2  3 |
---------------+----------+-----
Fighting       | 4 |  4.5
Axes           | 4 |  4.9
Armour         | 3 |  3.8
Dodging        | |  2.9
Stealth        | |  0.2

Action                   |  1- 3 |  4- 6 || total
-------------------------+-------+-------++-------
Melee: Hand axe          |    95 |    37 ||   132
       Headbutt          |     9 |     5 ||    14
       Punch             |       |     1 ||     1
Invok: Berserk           |       |     1 ||     1
  Use: Scroll            |       |     7 ||     7
       Potion            |       |     2 ||     2
Armor: Animal skin       |    14 |       ||    14
       Scale mail        |    27 |    31 ||    58
Dodge: Dodged            |    70 |    17 ||    87
